 Dungeon Crawl Stone Soup version 0.20-b1 (webtiles) character file.

125 Mesmaeker13 the Conjurer (level 4, -1/24 HPs)
             Began as a Deep Elf Conjurer on May 18, 2017.
             Slain by joaoluisp's ghost (10 damage)
             ... on level 3 of the Dungeon.
             The game lasted 00:05:21 (3620 turns).

Mesmaeker13 the Conjurer (Deep Elf Conjurer)        Turns: 3620, Time: 00:05:22

Health: -1/24      AC:  3    Str:  6    XL:     4   Next: 82%
Magic:  11/12      EV: 14    Int: 20    God:
Gold:   136        SH:  0    Dex: 15    Spells: 6/12 levels left

rFire    . . .     SeeInvis .   i - +1 short sword (holy)
rCold    . . .     Gourm    .   (no shield)
rNeg     + . .     Faith    .   a - +0 robe
rPois    .         Spirit   .   (no helmet)
rElec    .         Reflect  .   (no cloak)
rCorr    .         Harm     .   (no gloves)
MR       +....                  r - +0 pair of boots
Stlth    ++........             (no amulet)
Regen    0.1/turn               f - ring of positive energy
MPRegen  0.2/turn               q - ring of protection from magic

@: no status effects
A: no striking features
a: no special abilities


You were on level 3 of the Dungeon.
You were not hungry.

You visited 1 branch of the dungeon, and saw 3 of its levels.

You collected 136 gold pieces.

Inventory:

Hand Weapons
 i - a +1 short sword of holy wrath (weapon)
 j - a +4 vampiric dagger
Armour
 a - a +0 robe (worn)
 r - a +0 pair of boots (worn)
Jewellery
 f - a ring of positive energy (left hand)
 q - a ring of protection from magic (right hand)
Scrolls
 d - a scroll of identify {unknown}
 e - a scroll of fog {unknown}
 g - a scroll of blinking {unknown}
 m - a scroll of fear {unknown}
 o - a scroll of teleportation
 p - a scroll of remove curse {unknown}
Potions
 h - 2 potions of heal wounds {unknown}
 k - a potion of resistance {unknown}
 l - a potion of brilliance {unknown}
 n - 2 potions of lignification {unknown}
Books
 b - a book of Conjurations

   Spells                             Type                      Level
   a - Magic Dart                     Conjuration                  1
   b - Searing Ray                    Conjuration                  2
   c - Dazzling Spray                 Conjuration/Hexes            3
   d - Fulminant Prism                Conjuration/Hexes            4
   e - Force Lance                    Conjuration/Translocation    4
   f - Iskenderun's Mystic Blast      Conjuration                  4
Comestibles
 c - 4 bread rations
 s - a meat ration


   Skills:
 + Level 3.4 Dodging
 - Level 2.4 Stealth
 + Level 4.6 Spellcasting
 + Level 5.3 Conjurations
 + Level 2.0 Hexes


You had 6 spell levels left.
You knew the following spells:

 Your Spells              Type           Power        Failure   Level  Hunger
a - Magic Dart            Conj           ####         1%          1    None
b - Searing Ray           Conj           ####..       1%          2    #......
c - Dazzling Spray        Conj/Hex       ###...       8%          3    ##.....


Dungeon Overview and Level Annotations

Branches:
Dungeon (3/15)

Altars:
Trog

Annotations:
D:3 joaoluisp's ghost, amateur MiBe


Message History

Joaoluisp's ghost hits you!
The searing ray hits joaoluisp's ghost.
Joaoluisp's ghost is almost destroyed.
Joaoluisp's ghost hits you!
Ouch! That really hurt!
* * * LOW HITPOINT WARNING * * *
The searing ray misses joaoluisp's ghost.
You finish channeling your searing ray.
Joaoluisp's ghost closely misses you.
Joaoluisp's ghost wails, "To die, to sleep, no more."
Joaoluisp's ghost says, "I was like you once."
You see here a club.
Joaoluisp's ghost yells, "Who would have thought, even in death it is a pleasure to sever!"
Joaoluisp's ghost says, "Try not to bleed too much."
Joaoluisp's ghost mumbles, "They all look like pillowcases to me..."
Joaoluisp's ghost says very slowly, "There's no hope."
Found 2 gold pieces.
Joaoluisp's ghost says, "Try not to bleed too much."
There is a stone staircase leading up here.
Joaoluisp's ghost hits you!
You die...

#......'.......# #.#
#...(..######..# #.#
#........#.##..# #.#
#........#.....# #.#
#.....#..#.##.## #.#
#.#####..#.##.# #.# #.#
#..#.##.# #.# #.# #..#.##.#
#.# #.# #...@W..# #.# #.#
##.###### #.#
#.######.#....# #.#
#........#.#.## #.#
##########.#.# #.#
################.#.#######.#
.................#.......).#
############################


You could see joaoluisp's ghost.

Vanquished Creatures
  4 adders
  2 oozes
  4 worms (D:2)
  5 dart slugs
  A leopard gecko (D:1)
  3 orcs (D:3)
  5 bats
  A giant cockroach (D:2)
  3 hobgoblins
  2 jackals (D:2)
  8 kobolds
  3 quokkas
  5 frilled lizards
  7 goblins (D:1)
  5 rats
58 creatures vanquished.

Notes
Turn   | Place    | Note
-------+----------+-------------------------------------------
     0 | D:1      | Mesmaeker13 the Deep Elf Conjurer began the quest for the Orb.
     0 | D:1      | Reached XP level 1. HP: 10/10 MP: 6/6
   382 | D:1      | Reached XP level 2. HP: 12/15 MP: 0/8
   808 | D:1      | Learned a level 2 spell: Searing Ray
   980 | D:1      | Reached XP level 3. HP: 19/19 MP: 8/10
  1327 | D:2      | Learned a level 3 spell: Dazzling Spray
  1504 | D:2      | Reached skill level 5 in Conjurations
  1889 | D:2      | Reached skill level 1 in Hexes
  2283 | D:2      | Reached XP level 4. HP: 24/24 MP: 6/12
  2437 | D:2      | Found a bloodstained altar of Trog.
  3497 | D:3      | Noticed joaoluisp's ghost (amateur MiBe)
  3620 | D:3      | Slain by joaoluisp's ghost

Skill      XL: |  1  2  3  4 |
---------------+-------------+-----
Spellcasting   | 4 |  4.6
Conjurations   | 5 |  5.3
Hexes          | 1 2 |  2.0
Dodging        | 3 |  3.4
Stealth        | |  2.4

Action                   |  1- 3 |  4- 6 || total
-------------------------+-------+-------++-------
Melee: Short sword       |     2 |     4 ||     6
 Cast: Magic Dart        |    72 |    17 ||    89
       Searing Ray       |     4 |     8 ||    12
  Use: Scroll            |     1 |       ||     1
  Eat: Chunk             |     4 |     4 ||     8
Armor: Robe              |     4 |     3 ||     7
Dodge: Dodged            |     3 |    10 ||    13
